 Dungeon Crawl Stone Soup version 0.25-a0-822-g6581751b11 (webtiles) character file.

Game seed: 3904413658844115546, levelgen mode: deterministic

375 kae the Conjurer (level 6, -2/32 HPs)
             Began as a Tengu Air Elementalist on Apr 20, 2020.
             Shot with an arrow by a centaur (13 damage)
             ... on level 5 of the Dungeon.
             The game lasted 00:03:16 (4419 turns).

kae the Conjurer (Tengu Air Elementalist)           Turns: 4419, Time: 00:03:17

Health: -2/32      AC:  4    Str:  8    XL:     6   Next: 72%
Magic:  2/12       EV: 15    Int: 18    God:
Gold:   231        SH:  0    Dex: 14    Spells: 2/12 levels left

rFire    . . .     SeeInvis +   (no weapon)
rCold    . . .     Gourm    .   (no shield)
rNeg     . . .     Faith    .   a - +0 robe
rPois    .         Spirit   .   i - +2 hat
rElec    .         Reflect  .   (no cloak)
rCorr    .         Harm     .   (no gloves)
MR       .....                  (boots unavailable)
Stlth    ++........             (no amulet)
HPRegen  0.10/turn              b - ring of see invisible
MPRegen  0.13/turn              (no ring)

@: flying quickly and evasively, very slightly contaminated, quick
A: beak, talons 3, able to fly
a: Stop Flying


You were on level 5 of the Dungeon.
You were not hungry.

You visited 1 branch of the dungeon, and saw 5 of its levels.

You collected 231 gold pieces.

Inventory:

Armour
 a - a +0 robe (worn)
 i - a +2 hat (worn)
Jewellery
 b - a ring of see invisible (left hand)
 h - a +4 amulet of reflection {unknown}
 t - a cursed ring of attention {unknown}
 u - an uncursed ring of protection from cold {unknown}
Scrolls
 d - 2 scrolls of identify
 e - 2 scrolls of amnesia
 j - 5 scrolls of teleportation
 k - a scroll of fear
 p - a scroll of remove curse
 q - a scroll of immolation {unknown}
 r - a scroll of magic mapping {unknown}
Potions
 f - 2 potions of flight
 g - 3 potions of curing
 l - 3 potions of haste
 m - a potion of magic
 n - a potion of might
 o - a potion of lignification {unknown}
 v - a potion of degeneration {unknown}
Comestibles
 c - 12 rations
 s - 3 chunks of flesh


   Skills:
 - Level 2.1 Dodging
 - Level 2.0 Stealth
 + Level 3.5 Spellcasting
 * Level 6.3 Conjurations
 + Level 5.8 Air Magic


You had 2 spell levels left.
You knew the following spells:

 Your Spells              Type           Power        Failure   Level  Hunger
a - Shock                 Conj/Air       ####         1%          1    None
b - Static Discharge      Conj/Air       ####....     3%          3    ###....
c - Airstrike             Air            ###.......   14%         4    ####...
d - Swiftness             Chrm/Air       ##......     7%          2    ##.....

Your spell library contained the following spells:

 Spells                   Type           Power        Failure   Level  Hunger
 Animate Skeleton         Necr           N/A          16%         1    None
 Pain                     Necr           #...         16%         1    None
 Lightning Bolt           Conj/Air       ####......   34%         5    ######.
 Confusing Touch          Hex            #.......     43%         3    ###....
 Gell's Gravitas          Tloc           #.........   43%         3    ###....
 Vampiric Draining        Necr           #.........   43%         3    ###....
 Animate Dead             Necr           N/A          83%         4    ####...
 Petrify                  Tmut/Erth      #.......     83%         4    ####...
 Agony                    Necr           #.......     99%         5    ######.
 Metabolic Englaciation   Hex/Ice        #.........   99%         5    ######.
 Yara's Violent Unravell  Hex/Tmut       #.........   99%         5    ######.


Dungeon Overview and Level Annotations

Branches:
Dungeon (5/15)
 Temple: D:4-7

Altars:
Ashenzari
Fedhas
Gozag
Hepliaklqana
Nemelex Xobeh
Okawaru
Xom

Annotations:
D:4 Eustachio


Innate Abilities, Weirdness & Mutations

You have a beak for a mouth.
You have claws for feet.
You can fly continuously.


Message History

Nothing appears to happen.
The centaur shoots an arrow.
The arrow hits you!
Casting: Airstrike (dangerous; 14% risk of failure)
Confirm with . or Enter, or press ? or * to list all spells.
Aiming: Airstrike (dangerous; 14% risk of failure)
Press: ? - help, Dir - move target cursor, f/p - centaur
Aim: a centaur, wielding a +0 shortbow and quivering 10 arrows (moderately wounded)
The air twists around and strikes the centaur!
The centaur is severely wounded.
Casting: Airstrike (dangerous; 14% risk of failure)
Confirm with . or Enter, or press ? or * to list all spells.
You don't have enough magic to cast that spell.
Casting: Airstrike (dangerous; 14% risk of failure)
Confirm with . or Enter, or press ? or * to list all spells.
Aiming: Shock (safe; 1% risk of failure)
Press: ? - help, Shift-Dir - straight line, f/p - centaur
Aim: a centaur, wielding a +0 shortbow and quivering 10 arrows (severely wounded)
The zap hits the centaur.
The centaur is severely wounded.
The centaur shoots an arrow.
The arrow hits you!
You die...

##### #.# #####...#.
#.# .......c #.# ....(.
#.# # #...# #.# ...
#...# #.#
#..###...###########.#
.#................<##.#
.......@#.########.##.#
..#######.# #.....# #.#
#..##.## #.#
####....... #..
.........## #.#
###....... #.# ##..###.
#.# ######..# #.
........# #.


You could see a centaur.

Vanquished Creatures
  A hound (D:4)
  2 orc wizards
  An orc priest (D:5)
  A jelly (D:5)
  An iguana (D:4)
  3 worker ants
  4 adders
  A worm (D:3)
  3 dart slugs
  3 leopard geckos
  12 orcs
  3 bats
  A giant cockroach (D:3)
  8 goblins
  14 hobgoblins
  2 jackals (D:2)
  2 quokkas
  2 ball pythons
  3 frilled lizards
  3 kobolds
  A leopard gecko skeleton (D:4)
  6 rats
77 creatures vanquished.

Notes
Turn   | Place    | Note
-------+----------+-------------------------------------------
     0 | D:1      | kae the Tengu Air Elementalist began the quest for the Orb.
     0 | D:1      | Reached XP level 1. HP: 10/10 MP: 4/4
   132 | D:1      | Reached skill level 2 in Conjurations
   132 | D:1      | Reached XP level 2. HP: 15/15 MP: 0/6
   863 | D:2      | Reached XP level 3. HP: 19/19 MP: 2/7
   918 | D:2      | Reached skill level 3 in Conjurations
   973 | D:2      | Found a hazy altar of Hepliaklqana.
  1007 | D:2      | Found a blossoming altar of Fedhas.
  1300 | D:2      | Reached XP level 4. HP: 23/24 MP: 6/8
  1640 | D:2      | Reached skill level 4 in Conjurations
  2067 | D:3      | Reached skill level 5 in Air Magic
  2067 | D:3      | Gained mutation: You can fly continuously. [Tengu growth]
  2067 | D:3      | Reached XP level 5. HP: 28/28 MP: 4/10
  2180 | D:3      | Found an opulent altar of Gozag.
  2180 | D:3      | Found a sparkling altar of Nemelex Xobeh.
  2536 | D:4      | Reached skill level 5 in Conjurations
  2897 | D:4      | Reached XP level 6. HP: 28/32 MP: 4/11
  3083 | D:4      | Noticed Eustachio
  3606 | D:4      | Found a shimmering altar of Xom.
  3606 | D:4      | Found an iron altar of Okawaru.
  3607 | D:4      | Found a shattered altar of Ashenzari.
  3777 | D:4      | Learned a level 3 spell: Static Discharge
  3782 | D:4      | Learned a level 4 spell: Airstrike
  3785 | D:4      | Learned a level 2 spell: Swiftness
  3868 | D:5      | Entered Level 5 of the Dungeon
  3887 | D:5      | Noticed a sky beast
  4093 | D:5      | Reached skill level 6 in Conjurations
  4419 | D:5      | Shot with an arrow by a centaur

Levels and vault maps discovered:
D:1:      psy_arrival_fountain, layout_basic, st_stairs_6
D:2:      layout_basic, old_standard_altar, fedhas_altar_1, st_stairs_9,
          serial_bayou_lagoon_a, minivault_27, mrwooster_statue_mirror,
          minmay_between
D:3:      layout_loops_ring, grunt_temple_overflow_opulence, first_ration
D:4:      layout_layer_cave, gammafunk_temple_overflow_claw, hex_medium,
          uniq_eustachio
D:5:      layout_loops_ring, kennysheep_mini_moat

Skill      XL: |  1  2  3  4  5  6 |
---------------+-------------------+-----
Conjurations   | 2 3 4 5 6 |  6.3
Air Magic      | 5 |  5.8
Spellcasting   | 3 |  3.5
Dodging        | |  2.1
Stealth        | |  2.0

Action                   |  1- 3 |  4- 6 || total
-------------------------+-------+-------++-------
Melee: Unarmed           |    13 |    20 ||    33
       Kick              |     2 |     6 ||     8
       Peck              |     2 |     3 ||     5
 Cast: Shock             |    60 |   117 ||   177
       Static Discharge  |       |     3 ||     3
       Airstrike         |       |     2 ||     2
 Abil: Fly               |       |     1 ||     1
  Use: Scroll            |     4 |     8 ||    12
 Stab: Sleeping          |     1 |     2 ||     3
  Eat: Chunk             |     1 |    11 ||    12
Armor: Robe              |     3 |    12 ||    15
Dodge: Dodged            |    13 |    38 ||    51

Table legend:
 A = Non-vault XP
 B = Vault XP
 C = Vault XP percentage of total XP
 D = Non-vault monster count
 E = Vault monster count
 F = Vault count percentage of total count
                 A         B        C        D         E       F
            +---------+---------+-------+---------+---------+-------
      Total |     525 |      11 |   2.1 |      70 |       7 |   9.1
            +---------+---------+-------+---------+---------+-------
        D:1 |      27 |       4 |  12.9 |      15 |       2 |  11.8
        D:2 |      95 |       7 |   6.9 |      18 |       5 |  21.7
        D:3 |      79 |       0 |   0.0 |      17 |       0 |   0.0
        D:4 |     150 |       0 |   0.0 |      11 |       0 |   0.0
        D:5 |     174 |       0 |   0.0 |       9 |       0 |   0.0
            +---------+---------+-------+---------+---------+-------
